 Dungeon Crawl Stone Soup version 0.30-a0-711-gf4ac18a38d (webtiles) character file.

Game seed: 2843797938105578437

1702 kae the Changer (level 8, -3/64 HPs)
             Began as a Demonspawn Transmuter on Jan 22, 2023.
             Was an Initiate of Ru.
             Slain by a yak (14 damage)
             ... on level 6 of the Dungeon.
             The game lasted 00:06:41 (6422 turns).

kae the Changer (Demonspawn Transmuter)             Turns: 6422, Time: 00:06:42

Health: -3/64      AC:  7    Str:  8 (10) XL:     8   Next: 73%
Magic:  14/15      EV: 10    Int: 14 (16) God:    Ru [......]
Gold:   65         SH:  0    Dex: 15      Spells: 6/16 levels left

rFire   x . .      SeeInvis .      - Unarmed
rCold   + + +      Faith    .    (shield currently unavailable)
rNeg    . . .      Spirit   .    (body armour currently unavailable)
rPois   +          Reflect  .    (helmet currently unavailable)
rElec   .          Harm     .    (cloak currently unavailable)
rCorr   .          Rampage  .    (gloves currently unavailable)
Will    .....      Rage     3%   (boots currently unavailable)
Stlth   +                        (no amulet)
HPRegen 0.30/turn                (no ring)
MPRegen 0.28/turn                (no ring)

@: mighty, ice-form, wereblooded (expiring), flying
A: freezing attack, amphibious, boosted hp, large, (horns 2), powered by pain 1,
magic regeneration, berserk 1, (cold resistance 1)
a: End Transformation, Renounce Religion


You were on level 6 of the Dungeon.
You worshipped Ru.
Ru was noncommittal.
You were a creature of crystalline ice.
You visited 2 branches of the dungeon, and saw 7 of its levels.

You collected 283 gold pieces.
You spent 218 gold pieces at shops.


Innate Abilities, Weirdness & Mutations

You are a creature of crystalline ice.
You have a powerful freezing melee attack.
You are amphibious.
Your maximum health is increased.
Your armour is entirely melded.
You are incapable of wielding weapons or throwing items.
((You have a pair of horns on your head.))
You sometimes gain a little power by taking damage.
You regenerate magic rapidly.
You sometimes lose your temper in combat.
((Your flesh is cold resistant. (rC+)))


   Skills:
 - Level 1.0 Fighting
 - Level 1.7 Dodging
 + Level 5.1 Unarmed Combat
 + Level 4.7 Spellcasting
 * Level 6.5 Transmutations
 * Level 4.4 Ice Magic
 - Level 2.0 Poison Magic


You had 6 spell levels left.
You knew the following spells:

 Your Spells              Type           Power      Damage    Failure   Level
a - Beastly Appendage     Tmut           42%        N/A       1%          1
b - Wereblood             Tmut           21%        N/A       1%          2
c - Spider Form           Tmut/Pois      15%        N/A       10%         3
d - Ice Form              Ice/Tmut       18%        N/A       19%         4

Your spell library contained the following spells:

 Spells                   Type           Power      Damage    Failure   Level
 Sting                    Tmut/Pois      60%        1d6       3%          1
 Shock                    Conj/Air       12%        1d3       19%         1
 Poisonous Vapours        Pois/Air       12%        N/A       19%         2
 Cigotuvi's Dreadful Rot  Necr/Pois/Air  10%        N/A       21%         2
 Kindle Blastsparks       Fire/Tloc/Air  6%         2d10      47%         3
 Swiftness                Air            3%         N/A       47%         3
 Olgreb's Toxic Radiance  Pois           8%         N/A       61%         4
 Airstrike                Air            1%         2d(1-17)  87%         4
 Dispel Undead            Necr           3%         3d7       87%         4
 Fulminant Prism          Conj/Hex       1%         3d5       87%         4
 Iskenderun's Mystic Bla  Conj/Tloc      3%         2d3       87%         4
 Lee's Rapid Deconstruct  Erth           1%         3d4*      99%         5
 Death Channel            Necr           1%         N/A       100%        6

Inventory:

Missiles
 g - 32 stones
 l - 6 poisoned darts
Armour
 a - a +1 robe (melded)
 n - a scarf of invisibility (melded)
   (You found it on level 3 of the Dungeon)
Magical Staves
 h - a staff of conjuration {!a}
   (You found it on level 2 of the Dungeon)
Jewellery
 w - a ring of willpower
   (You found it on level 5 of the Dungeon)
 A - an amulet of the acrobat
   (You found it on level 5 of the Dungeon)
 C - a ring of protection from cold
   (You found it on level 3 of the Dungeon)
Scrolls
 e - 3 scrolls of amnesia
 f - a scroll of enchant armour
 k - a scroll of magic mapping {!r}
 p - a scroll of teleportation {@r4}
Potions
 b - 2 potions of lignification {!q}
 c - 2 potions of brilliance
 i - 2 potions of heal wounds {@q2}
 m - 2 potions of haste {@q3}
 q - a potion of flight
 r - a potion of cancellation
 s - a potion of might
 u - a potion of curing {@q1}

Dungeon Overview and Level Annotations

Branches:
Dungeon (6/15) Zot: 26585  Temple (1/1) D:4 Zot: 5905

Altars:
Ashenzari
Cheibriados
Dithmenos
Fedhas
Gozag
Hepliaklqana
Kikubaaqudgha
Makhleb
Nemelex Xobeh
Okawaru
Qazlal
Ru
Sif Muna
Trog
Uskayaw
Vehumet
Wu Jian
Xom
Yredelemnul

Shops:
D:5 *

Annotations:
D:4 exclusion: steam dragon

..........####?..##
............+....#
........#####....#
##########+#...# #......#
#...[......#...###...##.#
#.#........+....##...# .# .
#.###.######...ยง##...##.#+#..
#.# #.# ###....#............
#.# #.# #...##Y#............
#.###+####...##Y#.....D......
#.#..........##Y#..Y........$
#.#.........###Y#Y.....>.....
#.#.........# #.#...###......
#.##.......####'#...###.#+##.
#.##.......##...........#
#.##.......##...........# #
#.##....................##.#


You could see 3 yaks.


Message History

Your blood is infused with primal strength.
The yak gores you.
The yak barely misses you. ๐Ÿ˜• HP[-6] MP[-1]
You take 6 damage, and now have 58/64 hp.
You lost 1 mp, and now have 5/14 mp.
You hit the yak but do no damage. The yak gores you but does no damage.
A yak comes into view. ๐Ÿ˜• HP[+1]
You hit the yak. You freeze the yak. The yak gores you. ๐Ÿ˜• HP[-5]
You take 5 damage, and now have 54/64 hp.
Unknown command.
You punch the yak! You freeze the yak. The yak gores you!
You focus on the pain.
You feel your power returning. ๐Ÿ˜ฎ HP[-14] MP[+8]
You take 14 damage, and now have 40/64 hp.
MASSIVE DAMAGE!! (PAUSE)
You regained 8 mp, and now have 13/14 mp.
The yak bellows!
You punch the yak! You freeze the yak. The yak gores you but does no damage.
Your magical contamination has completely faded away. ๐Ÿ˜ฎ HP[+1] MP[+1]
Your mp is fully restored (14).
You completely miss the yak.
A yak comes into view.
The yak gores you!
* * * LOW HITPOINT WARNING * * *
๐Ÿ˜จ HP[-9]
You take 9 damage, and now have 32/64 hp.
Unknown command.
The yak bellows! x2
You punch the yak! You freeze the yak.
You feel a bit better.
You kill the yak! ๐Ÿ˜ฎ HP[+3]
You regained 3 hp, and now have 35/64 hp.
It was a potion of degeneration.
There was something very wrong with that liquid.
You feel weakened.
You feel dopey.
You feel clumsy. The yak gores you!
* * * LOW HITPOINT WARNING * * *
๐Ÿ˜จ HP[-10]
You take 10 damage, and now have 25/64 hp.
It was a potion of mutation.
You feel extremely strange.
You feel a little pissed off.
You feel resistant to cold. The yak gores you.
* * * LOW HITPOINT WARNING * * *
๐Ÿ˜จ HP[-3]
You take 3 damage, and now have 22/64 hp.
It was a potion of heal wounds.
You feel much better. The yak gores you! ๐Ÿ˜ฎ HP[+12]
You regained 12 hp, and now have 34/64 hp.
It was a potion of flight.
You feel very buoyant.
You fly up into the air.
You howl as the wereblood boils in your veins!
The yak gores you.
* * * LOW HITPOINT WARNING * * *
๐Ÿ˜จ HP[-5]
You take 5 damage, and now have 29/64 hp.
You feel very mighty all of a sudden.
You howl as the wereblood boils in your veins!
The yak barely misses you. ๐Ÿ˜จ HP[+1]
You punch the yak! You freeze the yak. The yak gores you but does no damage.
You punch the yak! You freeze the yak. The yak barely misses you.
You pummel the yak!! You freeze the yak.
You feel a bit better.
You kill the yak!
You feel your intelligence returning.
Your Unarmed Combat skill increases to level 5!
Your Ice Magic skill increases to level 4! ๐Ÿ˜ฎ HP[+3]
You regained 3 hp, and now have 33/64 hp.
You barely miss the steam dragon. ๐Ÿ˜ฎ HP[+1] Unknown command.
You hit the steam dragon. You freeze the steam dragon.
The steam dragon breathes steam at you. The ball of steam hits you!
The steam scalds you terribly!
* * * LOW HITPOINT WARNING * * *
๐Ÿ˜จ HP[-12]
You take 12 damage, and now have 22/64 hp.
You pummel the steam dragon!! You freeze the steam dragon!
You feel a bit better.
You kill the steam dragon!
You are engulfed in a cloud of scalding steam.
You feel your dexterity returning. ๐Ÿ˜จ HP[+2]
You regained 2 hp, and now have 24/64 hp.
Unknown command.
You completely miss the yak.
You are engulfed in a cloud of scalding steam.
* * * LOW HITPOINT WARNING * * *
The yak gores you!
* * * LOW HITPOINT WARNING * * *
You pummel the yak!! You freeze the yak.
You are engulfed in a cloud of scalding steam.
Your primal bloodlust is almost over.
The yak gores you!
You die...

Skill      XL: |  1  2  3  4  5  6  7  8 |
---------------+-------------------------+-----
Transmutations | 2 3 4 5 6 |  6.5
Unarmed Combat | 3 4 5 |  5.1
Poison Magic   | 1 2 |  2.0
Spellcasting   | 3 4 |  4.7
Ice Magic      | 2 3 4 |  4.4
Fighting       | |  1.0
Dodging        | |  1.7

Action                     |  1- 3 |  4- 6 |  7- 9 || total
---------------------------+-------+-------+-------++-------
  Melee: Unarmed           |    97 |   153 |    43 ||   293
         Kick              |    17 |    12 |       ||    29
         Headbutt          |    13 |    14 |       ||    27
         Punch             |     1 |       |       ||     1
   Cast: Beastly Appendage |    21 |    23 |       ||    44
         Wereblood         |     1 |     2 |     1 ||     4
         Spider Form       |       |    11 |     2 ||    13
         Ice Form          |       |       |     5 ||     5
    Use: Scroll            |     5 |     4 |     5 ||    14
         Potion            |       |     3 |     5 ||     8
 Armour: Robe              |    19 |    16 |       ||    35
         Skin              |       |     4 |    10 ||    14
  Dodge: Dodged            |    73 |   114 |    31 ||   218

Levels and vault maps discovered:
D:1:      psy_arrival_dodecagon, layout_basic, chequers_ecumenical_altar_simple
D:2:      layout_loops_corners, minmay_lizard_king
D:3:      layout_loops_ring
D:4:      layout_basic, kennysheep_slug_shrine, minmay_temple_entry_poolview,
          grunt_decor_clamped
D:5:      layout_basic, serial_shops, shop, uniq_pikel, uniq_menkaure
D:6:      layout_basic
Temple:   hellmonk_temple_divided_pantheon

Notes
Turn   | Place    | Note
-------+----------+-------------------------------------------
     0 | D:1      | kae the Demonspawn Transmuter began the quest for the Orb.
     0 | D:1      | Reached XP level 1. HP: 15/15 MP: 3/3
     0 | D:1      | magus.rc [v1.11.3]
   133 | D:1      | Reached skill level 2 in Transmutations
   305 | D:1      | Mutation became permanent: You have a pair of small horns
                  | on your head. [demonic ancestry]
   305 | D:1      | Gained mutation: You have a pair of horns on your head.
                  | [demonic ancestry]
   305 | D:1      | Reached XP level 2. HP: 12/21 MP: 3/5
   416 | D:1      | Found a faded altar of an unknown god.
   829 | D:2      | Learned a level 2 spell: Wereblood
   837 | D:2      | Reached skill level 3 in Unarmed Combat
   837 | D:2      | Reached XP level 3. HP: 26/26 MP: 2/6
   844 | D:2      | Learned a level 3 spell: Spider Form
  1422 | D:2      | Reached skill level 1 in Poison Magic
  1522 | D:2      | Gained mutation: You have a pair of horns on your head.
                  | [demonic ancestry]
  1522 | D:2      | Reached XP level 4. HP: 27/32 MP: 7/7
  2124 | D:3      | Reached skill level 3 in Transmutations
  2426 | D:3      | You add the spells Sting, Poisonous Vapours and Olgreb's
                  | Toxic Radiance to your library.
  2642 | D:4      | HP: 6/32 [poisoned by an adder]
  2652 | D:4      | HP: 7/32 [orc wizard/puff of flame (5)]
  2659 | D:4      | HP: 5/32 [something (2)]
  2970 | D:4      | Found a snail-covered altar of Cheibriados.
  2980 | D:4      | HP: 7/32 [poisoned by an adder]
  2985 | D:4      | Gained mutation: You sometimes gain a little power by
                  | taking damage. [demonic ancestry]
  2985 | D:4      | Reached XP level 5. HP: 4/37 MP: 5/9
  2985 | D:4      | HP: 4/37 [poisoned by an adder]
  3391 | D:4      | Reached skill level 2 in Poison Magic
  3721 | D:4      | Noticed a steam dragon
  3769 | D:4      | Found a staircase to the Ecumenical Temple.
  3785 | Temple   | Entered the Ecumenical Temple
  3785 | Temple   | Found a transporter.
  3785 | Temple   | Found a transporter.
  3807 | Temple   | Found a transporter.
  3807 | Temple   | Found a transporter.
  4032 | Temple   | Became a worshipper of Ru the Awakened
  4101 | D:5      | Entered Level 5 of the Dungeon
  4108 | D:5      | Reached skill level 3 in Spellcasting
  4379 | D:5      | Reached skill level 4 in Transmutations
  4379 | D:5      | Gained mutation: You regenerate magic rapidly. [demonic
                  | ancestry]
  4379 | D:5      | Reached XP level 6. HP: 25/43 MP: 6/10
  4400 | D:5      | HP: 9/43 [orc/+0 trident (4)]
  4652 | D:5      | Reached skill level 4 in Unarmed Combat
  4794 | D:5      | Noticed Pikel
  4875 | D:5      | Learned a level 4 spell: Ice Form
  5067 | D:5      | Killed Pikel
  5068 | D:5      | Reached skill level 5 in Transmutations
  5068 | D:5      | Reached skill level 2 in Ice Magic
  5068 | D:5      | Reached XP level 7. HP: 17/48 MP: 12/12
  5236 | D:5      | Reached skill level 4 in Spellcasting
  5287 | D:5      | Found Domul's Assorted Antiques.
  5295 | D:5      | Bought 2 amethyst potions for 50 gold pieces
  5295 | D:5      | Bought a scroll labelled MOUTUMOSOGI for 28 gold pieces
  5295 | D:5      | Bought a scroll of identify for 56 gold pieces
  5295 | D:5      | Bought a potion of curing for 84 gold pieces
  5533 | D:5      | Reached skill level 3 in Ice Magic
  5533 | D:5      | Reached XP level 8. HP: 54/54 MP: 10/14
  5566 | D:5      | You pick up a book of Air and begin reading...
  5566 | D:5      | You add the spells Shock, Swiftness and Airstrike to your
                  | library.
  5592 | D:5      | Noticed Menkaure
  5603 | D:5      | Killed Menkaure
  5719 | D:5      | You pick up a book of Decay and begin reading...
  5719 | D:5      | You add the spells Cigotuvi's Dreadful Rot, Dispel Undead
                  | and Death Channel to your library.
  5735 | D:5      | You pick up a book of Blasting and begin reading...
  5735 | D:5      | You add the spells Kindle Blastsparks, Fulminant Prism,
                  | Iskenderun's Mystic Blast and Lee's Rapid Deconstruction to
                  | your library.
  6200 | D:6      | Reached skill level 6 in Transmutations
  6411 | D:6      | Gained mutation: You sometimes lose your temper in combat.
                  | [potion of mutation]
  6411 | D:6      | Gained mutation: Your flesh is cold resistant. (rC+)
                  | [potion of mutation]
  6418 | D:6      | Reached skill level 5 in Unarmed Combat
  6418 | D:6      | Reached skill level 4 in Ice Magic
  6421 | D:6      | HP: 10/64 [yak (10)]
  6422 | D:6      | Slain by a yak

Vanquished Creatures
  Pikel (D:5)
  2 yaks (D:6)
  A steam dragon (D:6)
  Menkaure (D:5)
  An ice beast (D:5)
  2 black bears
  2 lemures (D:5)
  2 scorpions (D:5)
  2 hounds (D:5)
  A jelly (D:5)
  2 orc priests (D:5)
  2 orc wizards
  An iguana (D:6)
  5 adders
  An ufetubus (D:4)
  5 dart slugs
  A worm (D:3)
  10 orcs
  4 bats
  2 endoplasms
  2 giant cockroaches (D:1)
  4 goblins
  4 hobgoblins
  3 quokkas
  4 ball pythons
  12 frilled lizards
  8 kobolds
  5 rats
90 creatures vanquished.

Vanquished Creatures (others)
  6 plants (D:2)
6 creatures vanquished.

Grand Total: 96 creatures vanquished

Table legend:
 A = Non-vault XP
 B = Vault XP
 C = Vault XP percentage of total XP
 D = Non-vault monster count
 E = Vault monster count
 F = Vault count percentage of total count
                 A         B        C        D         E       F
            +---------+---------+-------+---------+---------+-------
      Total |    1621 |     811 |  33.3 |      76 |      12 |  13.6
            +---------+---------+-------+---------+---------+-------
        D:1 |      27 |       0 |   0.0 |      17 |       0 |   0.0
        D:2 |      65 |       9 |  12.2 |      15 |       9 |  37.5
        D:3 |      28 |       0 |   0.0 |      13 |       0 |   0.0
        D:4 |      97 |       4 |   4.0 |      14 |       1 |   6.7
        D:5 |     665 |     798 |  54.5 |      12 |       2 |  14.3
        D:6 |     739 |       0 |   0.0 |       5 |       0 |   0.0
            +---------+---------+-------+---------+---------+-------

Illustrated notes

Table legend:
 A = Kills in this place as a percentage of kills in entire the game.
 B = Kills by you in this place as a percentage of kills by you in the entire game.
 C = Kills by friends in this place as a percentage of kills by friends in the entire game.
 D = Other kills in this place as a percentage of other kills in the entire game.
 E = Experience gained in this place as a percentage of experience gained in the entire game.
 F = Experience gained in this place divided by the number of levels of this place that you have seen.
                   A       B       C       D       E      F
               +-------+-------+-------+-------+-------+----------------------
         Total | 100.0 | 100.0 |   N/A |   N/A | 100.0 | 347.4
       Dungeon | 100.0 | 100.0 |   N/A |   N/A | 100.0 | 405.3
               +-------+-------+-------+-------+-------+----------------------

Table legend: (Time is in decaauts)
 A = Elapsed time spent in this place.
 B = Non-inter-level travel time spent in this place.
 C = Inter-level travel time spent in this place.
 D = Time resting spent in this place.
 E = Time spent auto-exploring this place.
 F = Levels seen in this place.
 G = Mean time per level.
                   A        B        C        D        E       F      G
               +--------+--------+--------+--------+--------+-----+--------+
         Total |   6405 |   6051 |    354 |     66 |   5104 |   7 |  915.0 |
       Dungeon |   6310 |   5999 |    311 |     66 |   5078 |   6 | 1051.7 |
        Temple |     94 |     51 |     43 |      0 |     26 |   1 |   94.0 |
               +--------+--------+--------+--------+--------+-----+--------+

Top non-repeatable levels by time:
     D:5: 1899 daAuts
     D:4: 1405 daAuts
     D:2: 1029 daAuts
     D:1: 804 daAuts
     D:3: 758 daAuts
     D:6: 413 daAuts
  Temple: 94 daAuts
